SL
TOLEDO TITANS @ ROCKY MOUNTAIN NUGGETS
08/08/2018
 
TOP OF THE 1ST
Toledo Titans batting - Pitching for Rocky Mountain Nuggets : RHP Juan Carlos Maestas
Pitching: RHP Juan Carlos Maestas
Batting: RHB Brad Brown 0-0: Ball
1-0: Ball
2-0: Ball
3-0: Called Strike
3-1: Base on Balls
Batting: LHB David Martínez 0-0: Fly out, F8 (Flyball, 8RM)
Batting: LHB Michael Neely 0-0: Ball
1-0: Foul Ball, location: 2F
1-1: Foul Ball, location: 2F
1-2: Ball
2-2: SINGLE (Line Drive, 34D)
Brad Brown to second
Runner from 2nd tries for 3rd, SAFE, no throw or cutoff
Batting: RHB Enrique Pérez 0-0: Called Strike
0-1: Ball
1-1: Grounds into double play, 6-4-3 (Groundball, 6)
Top of the 1st over - 0 run(s), 1 hit(s), 0 error(s), 1 left on base; Toledo 0 - Rocky Mountain 0
BOTTOM OF THE 1ST
Rocky Mountain Nuggets batting - Pitching for Toledo Titans : RHP Ryoichi Maruyama
Pitching: RHP Ryoichi Maruyama
Batting: RHB Mike Green 0-0: Called Strike
0-1: Ball
1-1: Ball
2-1: Ball
3-1: Ground out 6-3 (Groundball, 6)
Batting: LHB Keith McKnight 0-0: Ball
1-0: Bunted foul
1-1: Ground out 4-3 (Groundball, 4)
Batting: RHB David Verhoeve 0-0: Called Strike
0-1: Ball
1-1: Foul Ball, location: 2F
1-2: Foul Ball, location: 2F
1-2: Ball
2-2: Ball
3-2: Fly out, F8 (Flyball, 8LS)
Bottom of the 1st over - 0 run(s), 0 hit(s), 0 error(s), 0 left on base; Toledo 0 - Rocky Mountain 0
TOP OF THE 2ND
Toledo Titans batting - Pitching for Rocky Mountain Nuggets : RHP Juan Carlos Maestas
Batting: LHB Herman Hayes 0-0: Ground out U3 (Groundball, 3L)
Batting: LHB Nathan Santos 0-0: Ball
1-0: SINGLE (Line Drive, 7LS)
Batting: LHB Salvador Vidal 0-0: Ball
Nathan Santos steals 2nd base
1-0: Foul Ball, location: 2F
1-1: Ball
Nathan Santos steals 3rd base
2-1: Called Strike
2-2: Strikes out swinging
Batting: RHB Miguel García 0-0: Called Strike
0-1: Ball
1-1: Foul Ball, location: 2F
1-2: Ground out 4-3 (Groundball, 4M)
Top of the 2nd over - 0 run(s), 1 hit(s), 0 error(s), 1 left on base; Toledo 0 - Rocky Mountain 0
BOTTOM OF THE 2ND
Rocky Mountain Nuggets batting - Pitching for Toledo Titans : RHP Ryoichi Maruyama
Batting: SHB Charles Waller 0-0: Ground out 6-3 (Groundball, 6)
Batting: RHB Juan Ávila 0-0: Called Strike
0-1: Swinging Strike
0-2: Strikes out looking
Batting: SHB Jim Morris 0-0: Called Strike
0-1: Swinging Strike
0-2: Ball
1-2: Ball
2-2: Ball
3-2: Base on Balls
Batting: RHB Mark Melton 0-0: Called Strike
0-1: Fly out, F8 (Flyball, 8RM)
Bottom of the 2nd over - 0 run(s), 0 hit(s), 0 error(s), 1 left on base; Toledo 0 - Rocky Mountain 0
TOP OF THE 3RD
Toledo Titans batting - Pitching for Rocky Mountain Nuggets : RHP Juan Carlos Maestas
Batting: SHB Ryoichi Maruyama 0-0: Called Strike
0-1: Ball
1-1: Reached on error, E5 (Groundball, 5S)
Batting: RHB Brad Brown 0-0: Called Strike
0-1: Foul Ball, location: 2F
0-2: Ball
1-2: Foul Ball, location: 2F
1-2: Foul Ball, location: 2F
1-2: Ball
2-2: Grounds into double play, 6-4-3 (Groundball, 6M)
Batting: LHB David Martínez 0-0: Ball
1-0: Ground out 6-3 (Groundball, 6M)
Top of the 3rd over - 0 run(s), 0 hit(s), 1 error(s), 0 left on base; Toledo 0 - Rocky Mountain 0
BOTTOM OF THE 3RD
Rocky Mountain Nuggets batting - Pitching for Toledo Titans : RHP Ryoichi Maruyama
Batting: SHB Quan Ge 0-0: Ball
1-0: Ball
2-0: Ball
3-0: Base on Balls
Batting: SHB Juan Carlos Maestas 0-0: Swinging Strike
0-1: Sac Bunt - play at first, batter OUT! 1-4
Quan Ge to second
Batting: RHB Mike Green 0-0: Foul Ball, location: 2F
0-1: Ground out 5-3 (Groundball, 5)
Batting: LHB Keith McKnight 0-0: Ball
1-0: Ball
2-0: Ball
3-0: Foul Ball, location: 2F
3-1: Base on Balls
Batting: RHB David Verhoeve 0-0: Ball
1-0: Called Strike
1-1: Foul Ball, location: 2F
1-2: Strikes out looking
Bottom of the 3rd over - 0 run(s), 0 hit(s), 0 error(s), 2 left on base; Toledo 0 - Rocky Mountain 0
TOP OF THE 4TH
Toledo Titans batting - Pitching for Rocky Mountain Nuggets : RHP Juan Carlos Maestas
Batting: LHB Michael Neely 0-0: Ball
1-0: Called Strike
1-1: Swinging Strike
1-2: Ball
2-2: Fly out, F8 (Flyball, 8LM)
Batting: RHB Enrique Pérez 0-0: Ball
1-0: Ball
2-0: Ball
3-0: Base on Balls
Batting: LHB Herman Hayes 0-0: Foul Ball, location: 2F
0-1: Ball
1-1: Fly out, F1 (Popup, 34S)
Batting: LHB Nathan Santos 0-0: Ball
1-0: Foul Ball, location: 2F
1-1: SINGLE (Groundball, 5D)
Enrique Pérez to second
Batting: LHB Salvador Vidal 0-0: SINGLE (Groundball, 56D)
Enrique Pérez to third
Nathan Santos to second
Runner from 3rd tries for Home, SAFE, throw made home
Nathan Santos to third
Salvador Vidal to second
Batting: RHB Miguel García 0-0: Intentional Walk
Batting: SHB Ryoichi Maruyama 0-0: Ball
1-0: Fly out, F7 (Line Drive, 78M)
Top of the 4th over - 1 run(s), 2 hit(s), 0 error(s), 3 left on base; Toledo 1 - Rocky Mountain 0
BOTTOM OF THE 4TH
Rocky Mountain Nuggets batting - Pitching for Toledo Titans : RHP Ryoichi Maruyama
Batting: SHB Charles Waller 0-0: SINGLE (Groundball, 34D)
Batting: RHB Juan Ávila 0-0: Ball
1-0: Ball
2-0: Fly out, F8 (Flyball, 8RD)
Batting: SHB Jim Morris 0-0: Called Strike
0-1: Ball
1-1: Grounds into double play, 4-6-3 (Groundball, 4)
Bottom of the 4th over - 0 run(s), 1 hit(s), 0 error(s), 0 left on base; Toledo 1 - Rocky Mountain 0
TOP OF THE 5TH
Toledo Titans batting - Pitching for Rocky Mountain Nuggets : RHP Juan Carlos Maestas
Batting: RHB Brad Brown 0-0: Foul Ball, location: 2F
0-1: Called Strike
0-2: Ball
1-2: Reached on Error, E7 (Line Drive, 7M)
Batting: LHB David Martínez 0-0: Ball
1-0: Ball
2-0: DOUBLE (Flyball, 7LD)
Brad Brown to third
Runner from 3rd tries for Home, SAFE, no throw or cutoff
Batting: LHB Michael Neely 0-0: Called Strike
0-1: Foul Ball, location: 2F
0-2: Foul Ball, location: 2F
0-2: Ball
1-2: Foul Ball, location: 2F
1-2: Ball
2-2: Foul Ball, location: 2F
2-2: Hit by Pitch
Batting: RHB Enrique Pérez 0-0: Grounds into double play, 5-4-3 (Groundball, 56)
David Martínez to third
Batting: LHB Herman Hayes 0-0: 2-RUN HOME RUN (Flyball, 89XD), Distance : 425 ft
Batting: LHB Nathan Santos 0-0: Called Strike
0-1: Ball
1-1: Ball
2-1: Ball
3-1: Called Strike
3-2: SINGLE (Groundball, 4MD)
Batting: LHB Salvador Vidal 0-0: Called Strike
Nathan Santos steals 2nd base
0-1: Ball
1-1: Ball
2-1: SINGLE (Groundball, 3D)
Nathan Santos to third
Runner from 3rd tries for Home, SAFE, no throw or cutoff
Pitching: RHP Carl Snyder
Batting: RHB Miguel García 0-0: Ball
1-0: Ball
2-0: Foul Ball, location: 2F
2-1: Called Strike
2-2: Ball
3-2: 2-RUN HOME RUN (Flyball, 89XD), Distance : 408 ft
Batting: SHB Ryoichi Maruyama 0-0: Called Strike
0-1: Ball
1-1: Called Strike
1-2: Strikes out looking
Top of the 5th over - 6 run(s), 5 hit(s), 1 error(s), 0 left on base; Toledo 7 - Rocky Mountain 0
BOTTOM OF THE 5TH
Rocky Mountain Nuggets batting - Pitching for Toledo Titans : RHP Ryoichi Maruyama
Batting: RHB Mark Melton 0-0: Called Strike
0-1: Ball
1-1: Ball
2-1: Foul Ball, location: 2F
2-2: Ground out 6-3 (Groundball, 6D)
Batting: SHB Quan Ge 0-0: Ball
1-0: Foul Ball, location: 2F
1-1: Ball
2-1: Ground out 4-3 (Groundball, 4)
Batting: RHB Carl Snyder 0-0: Ball
1-0: Ball
2-0: Called Strike
2-1: SINGLE (Flyball, 6MD)
Batting: RHB Mike Green 0-0: Ball
1-0: Ground out 5-3 (Groundball, 5)
Bottom of the 5th over - 0 run(s), 1 hit(s), 0 error(s), 1 left on base; Toledo 7 - Rocky Mountain 0
TOP OF THE 6TH
Toledo Titans batting - Pitching for Rocky Mountain Nuggets : RHP Carl Snyder
Batting: RHB Brad Brown 0-0: Ball
1-0: Ball
2-0: Ball
3-0: Base on Balls
Batting: LHB David Martínez 0-0: Called Strike
0-1: Swinging Strike
0-2: Fly out, F7 (Flyball, 78M)
Batting: LHB Michael Neely 0-0: Foul Ball, location: 2F
0-1: SINGLE (Groundball, 13) (infield hit)
Brad Brown to second
Batting: RHB Enrique Pérez 0-0: Ball
1-0: Grounds into double play, 6-4-3 (Groundball, 6M)
Top of the 6th over - 0 run(s), 1 hit(s), 0 error(s), 1 left on base; Toledo 7 - Rocky Mountain 0
BOTTOM OF THE 6TH
Rocky Mountain Nuggets batting - Pitching for Toledo Titans : RHP Ryoichi Maruyama
Batting: LHB Keith McKnight 0-0: Ball
1-0: Ball
2-0: Bunt for hit - play at first, batter safe!
Batting: RHB David Verhoeve 0-0: Ball
1-0: Foul Ball, location: 2F
1-1: Ball
2-1: Foul Ball, location: 2F
2-2: Ball
3-2: Ground out 4-3 (Groundball, 4M)
Keith McKnight to second
Batting: SHB Charles Waller 0-0: Fly out, F8 (Flyball, 8RS)
Batting: RHB Juan Ávila 0-0: Ball
1-0: Ball
2-0: Ground out 4-3 (Groundball, 4)
Bottom of the 6th over - 0 run(s), 1 hit(s), 0 error(s), 1 left on base; Toledo 7 - Rocky Mountain 0
TOP OF THE 7TH
Toledo Titans batting - Pitching for Rocky Mountain Nuggets : RHP Carl Snyder
Batting: LHB Herman Hayes 0-0: Swinging Strike
0-1: Ball
1-1: Ball
2-1: Foul Ball, location: 2F
2-2: Ball
3-2: Strikes out swinging
Batting: LHB Nathan Santos 0-0: Ball
1-0: Ball
2-0: Foul Ball, location: 2F
2-1: Called Strike
2-2: SINGLE (Groundball, 4MD)
Batting: LHB Salvador Vidal 0-0: Grounds into double play, 4-6-3 (Groundball, 34)
Top of the 7th over - 0 run(s), 1 hit(s), 0 error(s), 0 left on base; Toledo 7 - Rocky Mountain 0
BOTTOM OF THE 7TH
Rocky Mountain Nuggets batting - Pitching for Toledo Titans : RHP Ryoichi Maruyama
Batting: SHB Jim Morris 0-0: Called Strike
0-1: Swinging Strike
0-2: Ball
1-2: Ball
2-2: Ball
3-2: Base on Balls
Batting: RHB Mark Melton 0-0: Called Strike
0-1: Ball
1-1: Foul Ball, location: 2F
1-2: Fly out, F8 (Flyball, 8RM)
Batting: SHB Quan Ge 0-0: Ball
1-0: Ball
2-0: Swinging Strike
2-1: Ball
3-1: Grounds into double play, U4-3 (Groundball, 4)
Bottom of the 7th over - 0 run(s), 0 hit(s), 0 error(s), 0 left on base; Toledo 7 - Rocky Mountain 0
TOP OF THE 8TH
Toledo Titans batting - Pitching for Rocky Mountain Nuggets : RHP Carl Snyder
Pitching: LHP Wayne Downey
Batting: RHB Miguel García 0-0: Called Strike
0-1: Ball
1-1: Swinging Strike
1-2: Strikes out looking
Batting: SHB Ryoichi Maruyama 0-0: Ball
1-0: Called Strike
1-1: Ground out 6-3 (Groundball, 6M)
Batting: RHB Brad Brown 0-0: Ball
1-0: Ball
2-0: Ground out 6-3 (Groundball, 6)
Top of the 8th over - 0 run(s), 0 hit(s), 0 error(s), 0 left on base; Toledo 7 - Rocky Mountain 0
BOTTOM OF THE 8TH
Rocky Mountain Nuggets batting - Pitching for Toledo Titans : RHP Ryoichi Maruyama
Pinch Hitting: RHB Clement Fields 0-0: Ball
1-0: Ground out 5-3 (Groundball, 5)
Batting: RHB Mike Green 0-0: SINGLE (Flyball, 8RS)
Batting: LHB Keith McKnight 0-0: Called Strike
0-1: Foul Ball, location: 2F
0-2: Foul Ball, location: 2F
0-2: Foul Ball, location: 2F
0-2: Ball
1-2: Ball
2-2: SINGLE (Groundball, 34)
Mike Green to second
Runner from 2nd tries for 3rd, OUT!
Batting: RHB David Verhoeve 0-0: Ball
1-0: Swinging Strike
1-1: Ball
2-1: Called Strike
2-2: Ball
3-2: Ground out 6-3 (Groundball, 6)
Bottom of the 8th over - 0 run(s), 2 hit(s), 0 error(s), 1 left on base; Toledo 7 - Rocky Mountain 0
TOP OF THE 9TH
Toledo Titans batting - Pitching for Rocky Mountain Nuggets : LHP Wayne Downey
Pitching: RHP Richard Davis
Batting: LHB David Martínez 0-0: Foul Ball, location: 2F
0-1: Foul Ball, location: 2F
0-2: Ground out 3-1 (Groundball, 34)
Batting: LHB Michael Neely 0-0: SOLO HOME RUN (Flyball, 8RXD), Distance : 438 ft
Batting: RHB Enrique Pérez 0-0: Ground out 6-3 (Groundball, 6)
Batting: LHB Herman Hayes 0-0: Swinging Strike
0-1: Foul Ball, location: 2F
0-2: Ball
1-2: Ball
2-2: Strikes out swinging
Top of the 9th over - 1 run(s), 1 hit(s), 0 error(s), 0 left on base; Toledo 8 - Rocky Mountain 0
BOTTOM OF THE 9TH
Rocky Mountain Nuggets batting - Pitching for Toledo Titans : RHP Ryoichi Maruyama
Pitching: RHP Adrián Ramos
Batting: SHB Charles Waller 0-0: Called Strike
0-1: Ball
1-1: Ball
2-1: SINGLE (Groundball, 56)
Batting: RHB Juan Ávila 0-0: Called Strike
0-1: Called Strike
0-2: Ball
1-2: Grounds into double play, 6-4-3 (Groundball, 6)
Batting: SHB Jim Morris 0-0: Foul Ball, location: 2F
0-1: Called Strike
0-2: Ball
1-2: Ground out 4-3 (Groundball, 34)
Bottom of the 9th over - 0 run(s), 1 hit(s), 0 error(s), 0 left on base; Toledo 8 - Rocky Mountain 0
This league is powered by Out of the Park Baseball, the baseball management simulation game for PC, Mac and Linux
Monday, May 4th, 2015 - OOTP Baseball 15.6 Build 34